 Dungeon Crawl Stone Soup version 0.19.5 (webtiles) character file.

1527 Azzok the Fighter (level 8, -1/85 HPs)
             Began as a Minotaur Fighter on July 17, 2017.
             Slain by a yak (3 damage)
             ... on level 5 of the Dungeon.
             The game lasted 00:08:30 (5803 turns).

Azzok the Fighter (Minotaur Fighter)                Turns: 5803, Time: 00:08:31

Health: -1/85      AC: 12    Str: 21    XL:     8   Next: 55%
Magic:  2/2        EV:  3    Int:  5    God:
Gold:   270        SH:  9    Dex: 12    Spells: 0 memorised, 7 levels left

rFire  . . .     SeeInvis .     B - +2 falchion (antimagic)
rCold  . . .     Gourm    .     o - +0 plate armour
rNeg   + . .     Faith    .     c - +0 shield
rPois  .         Spirit   .     (helmet restricted)
rElec  .         Reflect  .     i - +0 cloak
rCorr  .         Harm     .     (no gloves)
MR     .....                    (no boots)
Stlth  ..........               (no amulet)
                                t - +4 ring of slaying
                                r - ring of positive energy

@: no status effects
A: retaliatory headbutt, horns 2
a: no special abilities


You were on level 5 of the Dungeon.
You were not hungry.

You visited 1 branch of the dungeon, and saw 6 of its levels.
You also visited: Sewer.

You collected 270 gold pieces.

Inventory:

Hand Weapons
 a - a +0 long sword
 B - a +2 antimagic falchion (weapon)
Missiles
 u - 44 arrows
Armour
 c - a +0 shield (worn)
 i - a +0 cloak (worn)
 o - a +0 plate armour (worn)
Jewellery
 r - a ring of positive energy (left hand)
 t - a +4 ring of slaying (right hand)
 y - a +4 ring of evasion {unknown}
Scrolls
 d - a scroll of amnesia {unknown}
 e - 4 scrolls of remove curse {unknown}
 g - 7 scrolls of identify {unknown}
 m - 4 scrolls of teleportation {unknown}
 z - a scroll of magic mapping {unknown}
Potions
 b - 3 potions of curing {unknown}
 h - a potion of ambrosia {unknown}
 j - 2 potions of heal wounds {unknown}
 l - 3 potions of mutation {unknown}
 p - 3 potions of degeneration {unknown}
 q - 2 potions of cancellation {unknown}
 v - a potion of agility {unknown}
 w - a potion of haste {unknown}
 A - 2 potions of magic {unknown}
Comestibles
 f - 3 bread rations {@e1}
 k - a meat ration {@e2}
 n - 2 beef jerkies
 s - a slice of pizza
 x - a royal jelly
 C - a chunk of flesh {@w0}


   Skills:
 + Level 12.9 Fighting
 - Level 2.4 Long Blades
 - Level 3.6 Armour
 - Level 3.6 Shields


You had 7 spell levels left.
You didn't know any spells.

Dungeon Overview and Level Annotations

Branches:
Dungeon (6/15)
 Temple: D:4-7

Altars:
Ashenzari
Dithmenos
Gozag
Ru

Shops:
D:6 :


Innate Abilities, Weirdness & Mutations

You reflexively headbutt those who attack you in melee.
You have a pair of horns on your head.


Message History

The yak gores you.
* * * LOW HITPOINT WARNING * * *
You take 3 damage, and have 14/85 hp.
Your shield and plate armour prevent you from hitting the yak.
The yak is lightly wounded.
You block the yak's attack.
You hit the yak. You headbutt the yak.
The yak is moderately wounded.
The yak gores you but does no damage. The yak gores you.
* * * LOW HITPOINT WARNING * * *
You take 2 damage, and have 12/85 hp.
Your plate armour prevents you from hitting the yak.
The yak is moderately wounded.
The yak gores you!
* * * LOW HITPOINT WARNING * * *
You take 10 damage, and have 2/85 hp.
You slash the yak!
The yak is heavily wounded.
The yak gores you.
You die...

·····················▒
·····················▒
···)·········[·······▒
··········▒··········▒
··········▒··········▒
··▒▒▒·▒▒▒·▒·▒·······▒▒▒
····▒·▒·>·▒·▒·▒▒······▒
▒▒▒▒▒···▒·▒·▒·▒▒Y·····▒
············▒·▒▒@·····▒
··········▒·▒·▒▒······▒
············▒·▒▒······▒
··············▒▒······▒
··········▒·▒▒▒▒······▒
·▒······▒·▒·▒ ▒▒▒▒▒▒▒▒
·▒·▒▒▒·▒▒·▒·▒
·▒·▒····▒·▒·▒
·▒·▒·▒··▒·▒·▒


You could see a yak.

Vanquished Creatures
  Sigmund (D:2)
  Menkaure (D:6)
  A black bear (D:6)
  A phantom (D:6)
  A sky beast (D:4)
  An ogre (D:5)
  A crocodile (Sewer)
  A scorpion (D:4)
  The ghost of tidbits the Shooter, a weakling HEAM (D:4)
  A hound (D:5)
  A bullfrog zombie (D:5)
  3 centaur skeletons
  An orc priest (D:3)
  2 jellies
  4 orc wizards
  An iguana (D:5)
  6 worker ants (D:4)
  A hound skeleton (D:4)
  A worker ant zombie (D:5)
  3 adders
  4 gnolls (D:5)
  An ooze (D:1)
  An adder zombie (D:5)
  An adder skeleton (D:5)
  3 worms
  A dart slug (D:2)
  8 leopard geckos
  12 orcs
  A bat (D:1)
  4 giant cockroaches
  3 goblins
  9 hobgoblins
  13 jackals
  2 quokkas
  3 frilled lizards
  A jackal zombie (D:5)
  8 kobolds
  3 rats
111 creatures vanquished.

Notes
Turn   | Place    | Note
-------+----------+-------------------------------------------
     0 | D:1      | Azzok the Minotaur Fighter began the quest for the Orb.
     0 | D:1      | Reached XP level 1. HP: 19/19 MP: 0/0
    15 | D:1      | Reached skill level 4 in Fighting
   300 | D:1      | Reached XP level 2. HP: 28/28 MP: 1/1
   913 | D:2      | Found a sacrificial altar of Ru.
   989 | D:2      | Reached skill level 5 in Fighting
  1068 | D:2      | Reached XP level 3. HP: 36/36 MP: 2/2
  1210 | D:2      | Noticed Sigmund
  1240 | D:2      | Killed Sigmund
  1240 | D:2      | Reached skill level 7 in Fighting
  1240 | D:2      | Reached XP level 4. HP: 10/47 MP: 3/3
  1240 | D:2      | Reached XP level 5. HP: 11/52 MP: 4/4
  2205 | D:3      | Reached skill level 8 in Fighting
  2216 | D:3      | Reached XP level 6. HP: 6/61 MP: 5/5
  2875 | D:4      | Noticed a sky beast
  2899 | D:4      | Killed a sky beast
  2899 | D:4      | Reached skill level 9 in Fighting
  3320 | D:4      | Reached XP level 7. HP: 68/71 MP: 6/6
  3710 | D:4      | Noticed tidbits's ghost (weakling HEAM)
  3720 | D:4      | Killed tidbits's ghost
  3720 | D:4      | Reached skill level 10 in Fighting
  4098 | D:4      | Found a shadowy altar of Dithmenos.
  4098 | D:4      | Found a shattered altar of Ashenzari.
  4104 | D:4      | Found an opulent altar of Gozag.
  4428 | D:5      | Entered Level 5 of the Dungeon
  4556 | D:5      | Reached skill level 11 in Fighting
  4697 | D:5      | Found a glowing drain.
  4704 | Sewer    | Entered a sewer
  4770 | Sewer    | Reached XP level 8. HP: 30/82 MP: 7/7
  5628 | D:6      | Reached skill level 12 in Fighting
  5639 | D:6      | Found Votalusy's Book Boutique.
  5705 | D:6      | Noticed Menkaure
  5717 | D:6      | Killed Menkaure
  5802 | D:5      | HP: 2/85 [yak (10)]
  5803 | D:5      | Slain by a yak

Skill      XL: |  1  2  3  4  5  6  7  8 |
---------------+-------------------------+-----
Fighting       | 4 5 7 8 9 11 12 | 12.9
Long Blades    | |  2.4
Armour         | |  3.6
Shields        | |  3.6

Action                   |  1- 3 |  4- 6 |  7- 9 || total
-------------------------+-------+-------+-------++-------
Melee: Long sword        |    76 |   153 |   132 ||   361
       Headbutt          |    15 |    25 |    31 ||    71
       Falchion          |       |       |    27 ||    27
  Use: Potion            |     1 |       |       ||     1
  Eat: Chunk             |     1 |     7 |     8 ||    16
Armor: Scale mail        |    12 |       |       ||    12
       Plate armour      |    30 |    87 |    83 ||   200
Dodge: Dodged            |    11 |    19 |    19 ||    49
Block: Shield            |    42 |    76 |    82 ||   200
       Rpst.: Long sword |     4 |     5 |     4 ||    13
